 Dungeon Crawl Stone Soup version 0.28.0-45-g0d030f2227 (webtiles) character file.

Game seed: 17323348005202809859

11 Bruhh the Skirmisher (level 2, -1/20 HPs)
             Began as a Gargoyle Fighter on Apr 20, 2022.
             Slain by an adder (2 damage)
             ... on level 1 of the Dungeon.
             The game lasted 00:01:21 (1014 turns).

Bruhh the Skirmisher (Gargoyle Fighter)             Turns: 1014, Time: 00:01:21

Health: -1/20      AC:  9    Str: 19    XL:     2   Next: 29%
Magic:  2/2        EV:  9    Int:  8    God:
Gold:   4          SH:  4    Dex:  9    Spells: 1/1 levels left

rFire   . . .      SeeInvis .   a - +0 flail
rCold   . . .      Faith    .   c - +0 buckler
rNeg    + . .      Spirit   .   b - +0 scale mail
rPois   ∞          Reflect  .   (no helmet)
rElec   +          Harm     .   (no cloak)
rCorr   .          Rampage  .   (no gloves)
Will    .....                   (no boots)
Stlth   ..........              (no amulet)
HPRegen 0.06/turn               (no ring)
MPRegen 0.08/turn               (no ring)

@: no status effects
A: sickness immunity, AC +2, negative energy resistance 1, electricity
resistance, torment resistance 1, petrification resistance
a: no special abilities


You were on level 1 of the Dungeon.
You visited 1 branch of the dungeon, and saw 2 of its levels.

You collected 4 gold pieces.

Inventory:

Hand Weapons
 a - a +0 flail (weapon)
Missiles
 i - 3 poisoned darts (quivered)
Armour
 b - a +0 scale mail (worn)
 c - a +0 buckler (worn)
Scrolls
 g - 2 scrolls of teleportation {unknown}
Potions
 d - a potion of might
 e - 2 potions of curing {unknown}
 f - 2 potions of mutation {unknown}
 h - a potion of flight {unknown}


   Skills:
 + Level 4.1 Fighting
 - Level 2.0 Maces & Flails
 - Level 3.2 Armour
 - Level 3.2 Shields


You had one spell level left.
You didn't know any spells.
Your spell library was empty.

Dungeon Overview and Level Annotations

Branches:
Dungeon (2/15)

Altars:


Innate Abilities, Weirdness & Mutations

You are immune to sickness and miasma.
Your stone body is resilient. (AC +2)
You are immune to poison.
You resist negative energy. (rN+)
You are resistant to electric shocks. (rElec)
You are resistant to unholy torment.
You are immune to petrification.


Message History

You miss the bat. The bat barely misses you. You block the bat's attack.
The adder bites you. The adder closely misses you. The endoplasm hits you.
You block the adder's attack. The adder bites you but does no damage.
The bat closely misses you.
You miss the bat. The bat hits you but does no damage.
The adder bites you but does no damage. The endoplasm freezes you.
You are frozen.
The adder closely misses you. The adder bites you but does no damage.
The endoplasm closely misses you.
You closely miss the bat. The bat closely misses you.
The adder barely misses you. You block the adder's attack. The adder bites you.
The endoplasm hits you but does no damage.
The bat hits you but does no damage. You block the bat's attack.
The adder barely misses you. The adder closely misses you.
You barely miss the bat. You block the bat's attack. The adder bites you.
* * * LOW HITPOINT WARNING * * *
The adder bites you but does no damage. The bat barely misses you.
The adder bites you but does no damage. The bat barely misses you.
You block the adder's attack.
You barely miss the bat. The bat barely misses you.
The adder bites you but does no damage. The bat barely misses you.
The adder bites you but does no damage. The adder closely misses you.
You barely miss the bat. The bat hits you.
* * * LOW HITPOINT WARNING * * *
The adder closely misses you. You block the adder's attack.
The adder closely misses you. x2; The bat barely misses you.
You miss the bat. The bat closely misses you.
The adder bites you but does no damage. The bat barely misses you.
You block the adder's attack. The adder bites you but does no damage.
The bat hits you but does no damage. The adder barely misses you.
The bat hits you.
* * * LOW HITPOINT WARNING * * *
You block the bat's attack.
You hit the bat but do no damage. The bat hits you but does no damage.
The adder closely misses you. The bat hits you but does no damage.
The adder bites you.
* * * LOW HITPOINT WARNING * * *
You closely miss the bat. The bat hits you but does no damage.
You block the bat's attack. The adder bites you.
You die...

.......######.#...........#######
.....#.##........................
.....#.##....)............#####.#
.....#.##.................# #.#
.....#.##.................# #.#
#....#..#.................# #.#
.....##.#.................# #.#
.....##..####.####.#...#### #.#
.....#.......gJS@b...#.# #.#
..#+##.......#######.#.# #.#
..#.##......### #.#.########.#
....##....#...######.#..........#
#.#....####.............###.....#
#.#.#....##.########.##.##.......
###.#..#.##.#......#.##.##)######
#.#.##.##.#...................#
#.#.##.##.#.#.#######.##.####.#


You could see an adder, an endoplasm, a goblin and a bat.

Vanquished Creatures
  A dart slug (D:1)
  A goblin (D:1)
  A hobgoblin (D:1)
  A kobold (D:1)
  A quokka (D:1)
  2 bats (D:1)
  A frilled lizard (D:1)
  A rat (D:1)
9 creatures vanquished.

Notes
Turn   | Place    | Note
-------+----------+-------------------------------------------
     0 | D:1      | Bruhh the Gargoyle Fighter began the quest for the Orb.
     0 | D:1      | Reached XP level 1. HP: 14/14 MP: 1/1
   203 | D:1      | Reached XP level 2. HP: 13/20 MP: 2/2
   433 | D:1      | Reached skill level 4 in Fighting
  1013 | D:1      | HP: 1/20 [adder (3)]
  1014 | D:1      | Slain by an adder

Illustrated notes

Levels and vault maps discovered:
D:1:      ncdulo_lavacross, layout_basic
D:2:      layout_loops_ring, serial_aquarium, aquarium_bridge_straight
          [aquarium_subvault_bridge, aquarium_subvault_balcony,
          aquarium_subvault_bridge, aquarium_subvault_window],
          aquarium_window_fake, aquarium_window_1, aquarium_view_2d,
          aquarium_view_2c, aquarium_pool_corner, ebering_ecumenical_altar_rust

Skill      XL: |  1  2 |
---------------+-------+-----
Fighting       | 4 |  4.1
Maces & Flails | |  2.0
Armour         | |  3.2
Shields        | |  3.2

Action                   || total
-------------------------++-------
Melee: Flail             ||    39
Armor: Scale mail        ||    40
Dodge: Dodged            ||    45
Block: Buckler           ||    22
